 Dungeon Crawl Stone Soup version 0.23.1-41-g7e51ed3 (console) character file.

Game seed: 8782126822339017995

7687 fly the Fighter (level 11, -2/72 HPs)
             Began as a Tengu Fighter on Mar 30, 2019.
             Was a Believer of Okawaru.
             Slain by a spiny frog (16 damage)
             ... on level 1 of the Lair of Beasts.
             The game lasted 00:27:37 (13462 turns).

fly the Fighter (Tengu Fighter)                    Turns: 13462, Time: 00:27:38

Health: -2/72      AC: 20    Str: 16    XL:     11   Next: 19%
Magic:  12/12      EV:  4    Int:  9    God:    Okawaru [**....]
Gold:   487        SH: 11    Dex: 17    Spells: 10/10 levels left

rFire    . . .     SeeInvis +   a - +7 mace {pain, *Rage rElec SInv}
rCold    . . .     Gourm    .   v - +0 shield
rNeg     . . .     Faith    .   y - +3 plate armour
rPois    +         Spirit   .   (helmet restricted)
rElec    +         Reflect  .   q - +2 cloak {rPois}
rCorr    .         Harm     .   (no gloves)
MR       .....     Rnd*Rage +   (boots unavailable)
Stlth    ..........             A - amulet of magic regeneration
HPRegen  0.22/turn              (no ring)
MPRegen  0.38/turn              (no ring)

@: no status effects
A: beak, talons 3, able to fly
a: Fly, Heroism, Renounce Religion


You were on level 1 of the Lair of Beasts.
You worshipped Okawaru.
Okawaru was pleased with you.
You were not hungry.

You visited 3 branches of the dungeon, and saw 11 of its levels.
You also visited: Sewer.

You collected 607 gold pieces.
You spent 120 gold pieces at shops.

Inventory:

Hand Weapons
 a - the +7 mace "Qischeopp" (weapon) {pain, *Rage rElec SInv}
   (You found it on level 7 of the Dungeon)

   In the hands of one skilled in necromantic magic, it inflicts extra damage on
   living creatures.
   It insulates you from electricity.
   It lets you see invisible.
   It may make you go berserk in combat.
 b - a +0 long sword of freezing
Armour
 q - a +2 cloak of poison resistance (worn)
 v - a +0 shield (worn)
 y - a +3 plate armour (worn)
Jewellery
 A - an amulet of magic regeneration (around neck)
Wands
 m - a wand of acid (19)
 t - a wand of paralysis (5)
Scrolls
 c - 4 scrolls of fog
 h - 4 scrolls of magic mapping
 i - a scroll of enchant armour
 k - 5 scrolls of teleportation
 u - a scroll of amnesia
 z - a scroll of blinking
Potions
 d - 2 potions of might
 e - a potion of resistance
 g - a potion of berserk rage
 j - 2 potions of mutation {unknown}
 l - 3 potions of curing
 n - 4 potions of heal wounds
 o - a potion of brilliance {unknown}
 p - 2 potions of haste {unknown}
 r - a potion of invisibility {unknown}
 s - a potion of degeneration {unknown}
 w - a potion of agility {unknown}
 x - a potion of ambrosia {unknown}
Comestibles
 f - 20 rations


   Skills:
 - Level 10.0 Fighting
 - Level 9.0 Long Blades
 + Level 9.2 Armour
 + Level 9.2 Shields


You had 10 spell levels left.
You didn't know any spells.
Your spell library contained the following spells:

 Spells                   Type           Power        Failure   Level  Hunger
 Beastly Appendage        Tmut           #.....       100%        1    ##.....
 Sticks to Snakes         Tmut           #.......     100%        2    ###....
 Spider Form              Tmut/Pois      #.........   100%        3    ####...
 Ice Form                 Ice/Tmut       #.......     100%        4    #####..
 Blade Hands              Tmut           #.........   100%        5    ######.


Dungeon Overview and Level Annotations

Branches:
Dungeon (9/15)             Temple (1/1) D:5            Lair (1/6) D:9
    Orc: D:9-12

Altars:
Ashenzari
Cheibriados
Dithmenos
Elyvilon
Fedhas
Gozag
Hepliaklqana
Kikubaaqudgha
Makhleb
Nemelex Xobeh
Okawaru
Qazlal
Ru
Sif Muna
Trog
Uskayaw
Vehumet
Wu Jian
Xom
Yredelemnul
Zin
The Shining One

Shops:
D:5 (   D:7 !

Annotations:
D:5 1 runed translucent door, Edmund; Paps's ghost, novice OpFi


Innate Abilities, Weirdness & Mutations

You have a beak for a mouth.
You have claws for feet.
You can fly continuously.


Message History

n - 4 potions of heal wounds A spiny frog comes into view.
The spiny frog croaks.
A crocodile comes into view.
There is a dry fountain here.
You hear the rumble of a distant avalanche of rocks.
You thump the spiny frog! You claw the spiny frog!
The spiny frog is heavily wounded.
The spiny frog stings you. The spiny frog stings you!
You closely miss the spiny frog. Your kick misses the spiny frog.
The spiny frog is heavily wounded.
The spiny frog stings you!
* * * LOW HITPOINT WARNING * * *
The spiny frog stings you but does no damage.
You hit the spiny frog.
You claw the spiny frog, but do no damage.
You peck the spiny frog.
The spiny frog is severely wounded.
The spiny frog stings you!
You die...

...# ###... ..#.......###..#...
...# #.#.# ##.#....##..#....^.^
...## ##÷.###...##..#...........
....####..###P..##.⌠.#......^....
......................#..........
.................⌠.>.⌠#..........
................#.....#..........
................##....#......^...
.........<......@##+##...........
................#F....#..........
#..................⌠...#.........
#............#..........#........
............##..⌠..⌠..⌠..##......
..........................##.....
.#.........#.......⌠.......##....
#.......#.................#....
......#...⌠...........⌠..#....


You could see a spiny frog.

Vanquished Creatures
  A two-headed ogre (D:9)
  A manticore (D:9)
  A black mamba (Lair:1)
  Joseph (D:7)
  The ghost of poxu the Shield-Bearer, a novice MiFi of Okawaru (D:6)
  Psyche (D:8)
  A spiny frog (Lair:1)
  A hippogriff (D:7)
  Prince Ribbit (D:5)
  2 wyverns
  A basilisk (Lair:1)
  6 yaks
  A hungry ghost (D:9)
  A water moccasin (Lair:1)
  An orc warrior (D:8)
  2 ice beasts (D:9)
  3 ogres
  2 black bears
  2 sky beasts
  A phantom (D:9)
  3 centaurs
  4 bullfrogs
  A scorpion (D:2)
  A howler monkey (D:8)
  3 vampire bats (D:3)
  2 crimson imps
  3 hounds
  Crazy Yiuf (D:7)
  3 bullfrog skeletons
  A centaur skeleton (D:8)
  A jelly (D:8)
  4 orc priests
  3 iguanas
  9 orc wizards
  10 worker ants
  2 hound skeletons
  A hound zombie (D:7)
  4 gnolls
  16 adders
  A river rat (D:6)
  4 shadow imps
  2 oozes
  2 adder skeletons
  4 worms
  3 dart slugs (D:1)
  9 leopard geckos
  33 orcs
  5 ball pythons
  3 bat skeletons (D:3)
  3 bat zombies (D:3)
  11 giant cockroaches
  15 goblins
  12 hobgoblins
  16 jackals
  6 kobolds
  4 quokkas
  9 bats
  11 frilled lizards
  4 goblin skeletons (D:5)
  A goblin zombie (D:5)
  3 hobgoblin zombies (D:5)
  2 jackal zombies
  2 kobold skeletons (D:5)
  A leopard gecko skeleton (D:7)
  3 orc zombies (D:5)
  2 quokka skeletons
  A quokka zombie (D:8)
  10 rats
285 creatures vanquished.

Notes
Turn   | Place    | Note
-------+----------+-------------------------------------------
     0 | D:1      | fly the Tengu Fighter began the quest for the Orb.
     0 | D:1      | Reached XP level 1. HP: 14/14 MP: 2/2
   143 | D:1      | Reached XP level 2. HP: 18/19 MP: 3/3
   362 | D:1      | Reached XP level 3. HP: 23/23 MP: 4/4
   936 | D:2      | Noticed a scorpion
   949 | D:2      | Killed a scorpion
   949 | D:2      | Reached skill level 5 in Long Blades
   949 | D:2      | Reached XP level 4. HP: 19/28 MP: 5/5
   985 | D:2      | Gained mutation: You can fly continuously. [Tengu growth]
   985 | D:2      | Reached XP level 5. HP: 20/32 MP: 6/6
  1211 | D:2      | You fall through a shaft!
  1819 | D:2      | Reached XP level 6. HP: 31/37 MP: 7/7
  1864 | D:2      | Found a bloodstained altar of Trog.
  2556 | D:3      | Found an ancient bone altar of Kikubaaqudgha.
  2695 | D:3      | Reached skill level 5 in Armour
  2695 | D:3      | Reached XP level 7. HP: 21/41 MP: 8/8
  3200 | D:4      | Reached skill level 5 in Shields
  3314 | D:4      | Found a shimmering altar of Xom.
  3321 | D:4      | Found a snail-covered altar of Cheibriados.
  3772 | D:5      | Entered Level 5 of the Dungeon
  3830 | D:5      | Found a glowing drain.
  3860 | Sewer    | Entered a sewer
  4541 | D:5      | Found a glowing golden altar of the Shining One.
  4681 | D:5      | Reached XP level 8. HP: 23/46 MP: 9/9
  4699 | D:5      | Noticed Prince Ribbit
  4706 | D:5      | Killed Prince Ribbit
  4706 | D:5      | Reached skill level 4 in Fighting
  4724 | D:5      | Found an opulent altar of Gozag.
  4745 | D:5      | Noticed Edmund
  4770 | D:5      | Found Tioc's Antique Weapon Emporium.
  4902 | D:5      | Found a runed translucent door.
  4903 | D:5      | Noticed Paps's ghost (novice OpFi)
  5218 | D:5      | Reached skill level 5 in Fighting
  5637 | D:5      | Found a staircase to the Ecumenical Temple.
  6186 | D:5      | Reached skill level 6 in Fighting
  6191 | D:5      | Found a glowing silver altar of Zin.
  6244 | Temple   | Entered the Ecumenical Temple
  6898 | D:6      | Found an opulent altar of Gozag.
  7043 | D:6      | Found a hide-covered altar of Uskayaw.
  7098 | D:6      | Reached XP level 9. HP: 55/55 MP: 10/10
  7107 | D:6      | Found a runed translucent door.
  7107 | D:6      | Noticed poxu's ghost (novice MiFi)
  7873 | D:6      | Found a runed translucent door.
  8403 | D:7      | Found Leplanoe's Distillery.
  8406 | D:7      | Bought a potion of berserk rage for 60 gold pieces
  8406 | D:7      | Bought a potion of berserk rage for 60 gold pieces
  8529 | D:7      | Noticed Joseph
  8545 | D:7      | Killed Joseph
  8753 | D:6      | Killed poxu's ghost
  8991 | D:7      | Found a runed translucent door.
  8992 | D:7      | Noticed Crazy Yiuf
  9002 | D:7      | Killed Crazy Yiuf
  9015 | D:7      | Got a bloodstained mace
  9798 | D:8      | Got a jasper-encrusted scale mail
 10124 | D:7      | Identified the +3 scale mail "Vuammeusch" {rElec} (You
                  | found it on level 8 of the Dungeon)
 10447 | D:8      | Reached XP level 10. HP: 45/60 MP: 11/11
 10570 | D:8      | Found a shattered altar of Ashenzari.
 11353 | D:8      | Noticed Psyche
 11360 | D:8      | Killed Psyche
 11631 | D:9      | Noticed a death yak
 11631 | D:9      | Noticed a death yak
 11631 | D:9      | Noticed a death yak
 11847 | D:9      | Reached skill level 7 in Fighting
 11889 | D:9      | Found an iron altar of Okawaru.
 11897 | D:9      | Identified the +7 mace "Qischeopp" {pain, *Rage rElec SInv}
                  | (You found it on level 7 of the Dungeon)
 11902 | D:9      | Became a worshipper of Warmaster Okawaru
 12105 | D:9      | Noticed a death yak
 12108 | D:9      | Noticed a death yak
 12127 | D:9      | Noticed a death yak
 12371 | D:9      | Noticed a manticore
 12381 | D:9      | Killed a manticore
 12381 | D:9      | Reached * piety under Okawaru
 12381 | D:9      | Reached skill level 8 in Fighting
 12653 | D:9      | Noticed a two-headed ogre
 12663 | D:9      | Killed a two-headed ogre
 12663 | D:9      | Reached ** piety under Okawaru
 12663 | D:9      | Reached skill level 9 in Fighting
 12663 | D:9      | Reached XP level 11. HP: 52/71 MP: 12/12
 12871 | D:9      | Found a staircase to the Lair.
 13273 | Lair:1   | Entered Level 1 of the Lair of Beasts
 13299 | Lair:1   | Reached skill level 10 in Fighting
 13462 | Lair:1   | Slain by a spiny frog

Skill      XL: |  1  2  3  4  5  6  7  8  9 10 11 |
---------------+----------------------------------+-----
Long Blades    | 3 5 6 7 8 9 |  9.0
Armour         | 5 6 8 9 |  9.2
Shields        | 4 6 8 9 |  9.2
Fighting       | 6 9 10 | 10.0

Action                   |  1- 3 |  4- 6 |  7- 9 | 10-12 || total
-------------------------+-------+-------+-------+-------++-------
Melee: Long sword        |    69 |   189 |    38 |       ||   296
       Peck              |    15 |    28 |   163 |    79 ||   285
       Kick              |    11 |    45 |   272 |   129 ||   457
       Dagger            |       |       |   674 |   187 ||   861
       Mace              |       |       |       |   101 ||   101
Evoke: Wand              |       |       |       |     7 ||     7
  Use: Scroll            |       |       |    12 |     6 ||    18
       Potion            |       |       |     4 |     2 ||     6
 Stab: Paralysed         |       |       |       |     3 ||     3
  Eat: Chunk             |       |     6 |    26 |    12 ||    44
Armor: Scale mail        |    22 |    78 |   175 |    63 ||   338
       Chain mail        |       |       |    47 |       ||    47
       Plate armour      |       |       |     3 |    29 ||    32
Dodge: Dodged            |    23 |    45 |   114 |    65 ||   247
Block: Shield            |    38 |    73 |   320 |   135 ||   566
       Rpst.: Long sword |     9 |     7 |       |       ||    16
